Map: Deathaura LE

Players

A.I. 2 (Elite) - Winner!

  • Race: Zerg Zerg
  • Spawn Location: 5:00

Bombs

  • Race: Terran Terran
  • Spawn Location: 11:00

VOD

Have the link to the VOD?

Description

Time

  • Played on: Oct. 7, 2020, 9:13 p.m.
  • Length: 12:44
Show
View Real Time Build Order
Export as new Build Order

A.I. 2 (Elite) Zerg - Winner!

Build Orders: Pool First 

Get SALT Encoding   

  12  0:00  Drone  
  13  0:12  Overlord  
  13  0:16  Drone  
  14  0:30  Drone x2  
  16  0:43  Spawning Pool  
  16  0:45  Drone  
  16  0:49  Drone  
  17  1:10  Hatchery  
  16  1:13  Drone  
  16  1:17  Extractor  
  16  1:18  Drone  
  16  1:22  Drone  
  18  1:28  Drone  
  19  1:38  Overlord  
  19  1:49  Drone, Queen  
  22  2:00  Zergling x2  
  23  2:10  Drone  
  24  2:21  Drone  
  24  2:22  Drone  
  25  2:24  Queen  
  27  2:31  Roach Warren  
  27  2:34  Drone  
  27  2:36  Extractor  
  26  2:39  Drone  
  27  2:44  Overlord  
  27  2:49  Drone  
  27  2:53  Zergling x2  
  27  2:54  Drone  
  27  2:57  Drone  
  30  3:01  Drone  
  30  3:03  Drone  
  32  3:07  Zergling x2  
  32  3:10  Zergling x2  
  34  3:15  Roach  
  34  3:19  Roach  
  40  3:27  Roach x2  
  40  3:30  Zergling x2  
  40  3:32  Drone  
  43  3:41  Lair  
  42  3:48  Spore Crawler  
  42  3:53  Spore Crawler  
  40  3:59  Queen  
  42  4:03  Drone  
  43  4:19  Overlord  
  43  4:24  Metabolic Boost  
  43  4:37  Drone x6  
  43  4:38  Drone x2  
  51  4:46  Drone  
  51  4:48  Overlord  
  52  4:58  Drone, Evolution Chamber  
  52  5:06  Roach, Drone  
  55  5:09  Hydralisk Den, Overlord  
  55  5:13  Roach  
  56  5:14  Drone  
  56  5:16  Drone  
  58  5:27  Drone  
  59  5:29  Infestation Pit, Overlord  
  59  5:31  Drone  
  59  5:33  Drone  
  59  5:35  Drone  
  61  5:36  Drone  
  61  5:38  Hydralisk, Drone  
  65  5:46  Hydralisk  
  65  5:47  Roach, Drone  
  70  5:50  Overlord  
  70  5:52  Drone  
  70  5:53  Drone  
  70  5:55  Drone  
  73  5:57  Drone  
  74  6:06  Infestor  
  74  6:07  Infestor  
  74  6:08  Roach x2, Overlord  
  74  6:09  Roach  
  83  6:19  Zergling x2, Extractor, Zerg Missile Weapons Level 1  
  83  6:22  Extractor, Drone  
  83  6:23  Evolution Chamber  
  83  6:24  Drone  
  83  6:27  Hatchery  
  83  6:31  Overlord  
  83  6:32  Drone  
  83  6:41  Drone  
  83  6:42  Drone  
  83  6:44  Overseer  
  83  6:45  Drone x3  
  88  6:49  Ravager, Zerg Ground Armor Level 1  
  88  6:50  Overlord  
  88  6:52  Roach  
  91  6:59  Ravager  
  91  7:01  Roach  
  94  7:05  Hydralisk  
  96  7:09  Overlord  
  96  7:10  Hydralisk  
  98  7:23  Spine Crawler, Drone  
  98  7:24  Infestor  
  100  7:30  Baneling Nest  
  100  7:32  Drone  
  100  7:39  Drone x2  
  100  7:40  Drone x4  
  100  7:41  Drone x2, Overlord  
  108  7:44  Drone  
  108  7:45  Drone x2  
  108  7:46  Extractor, Drone  
  108  7:50  Drone  
  112  7:51  Drone  
  112  7:54  Drone x2, Infestor  
  112  7:56  Drone  
  118  8:00  Overlord  
  118  8:02  Pathogen Glands  
  118  8:03  Drone  
  119  8:07  Roach  
  119  8:11  Drone  
  122  8:14  Drone, Baneling  
  122  8:17  Zergling x4  
  122  8:18  Roach x2  
  129  8:22  Overlord  
  129  8:24  Zerg Missile Weapons Level 2  
  129  8:27  Extractor  
  129  8:28  Zergling x4, Drone  
  129  8:29  Zergling x2  
  129  8:30  Evolution Chamber  
  129  8:32  Drone  
  132  8:38  Zergling x2  
  132  8:39  Zergling x2  
  128  8:41  Zergling x2  
  128  8:43  Zerg Melee Weapons Level 1, Overlord  
  128  8:46  Baneling x4  
  127  8:48  Zergling x4  
  127  8:49  Zergling x2, Baneling x2  
  127  8:50  Spine Crawler  
  127  8:51  Hydralisk, Drone, Zergling x2  
  127  8:52  Drone  
  127  8:53  Zergling x2  
  127  8:54  Drone  
  118  9:02  Drone  
  112  9:04  Roach  
  112  9:05  Roach  
  112  9:09  Baneling  
  108  9:10  Baneling  
  108  9:12  Queen  
  108  9:13  Roach  
  108  9:15  Zergling x4  
  90  9:21  Roach  
  90  9:23  Roach  
  72  9:26  Roach  
  72  9:28  Roach  
  58  9:31  Roach  
  58  9:35  Zergling x2  
  58  9:37  Zergling x2  
  54  9:44  Ravager  
  52  9:46  Roach  
  52  9:48  Roach  
  56  9:53  Hatchery  
  56  9:55  Baneling x2  
  56  9:56  Zergling x2  
  56  9:58  Roach  
  56  9:59  Baneling  
  56  10:07  Zergling x2  
  56  10:09  Roach  
  59  10:18  Hydralisk, Drone, Infestor  
  59  10:19  Roach, Baneling x3  
  59  10:20  Drone  
  67  10:26  Baneling  
  67  10:29  Zergling x2  
  67  10:30  Zergling x2  
  69  10:38  Baneling  
  69  10:39  Hydralisk  
  69  10:41  Drone  
  72  10:50  Baneling x2  
  72  10:51  Roach, Baneling x2, Infestor, Zergling x4  
  72  10:52  Spire  
  72  10:53  Drone  
  78  11:01  Drone  
  78  11:04  Drone  
  80  11:05  Drone  
  80  11:09  Baneling  
  81  11:12  Zergling x2, Baneling  
  81  11:14  Drone  
  81  11:15  Drone  
  84  11:21  Baneling  
  84  11:23  Zergling x4, Drone, Roach  
  89  11:26  Drone x2  
  66  11:34  Roach  
  66  11:37  Roach x2  
  61  11:44  Zergling x2  
  58  11:47  Zergling x2  
  58  11:49  Queen  
  60  11:54  Drone  
  60  11:55  Zergling x2  
  60  11:58  Roach  
  58  12:05  Hydralisk  
  32  12:09  Zergling x2  
  31  12:16  Zergling x2  
  15  12:38  Hatchery  
Show
View Real Time Build Order
Export as new Build Order

Bombs Terran 

Build Orders: Gas First Reaper Expand, Hellion Banshee 

Get SALT Encoding   

  12  0:02  SCV  
  14  0:14  SCV  
  14  0:17  Supply Depot  
  14  0:26  SCV  
  14  0:27  Refinery  
  15  0:39  SCV  
  16  0:44  Barracks  
  16  0:51  SCV  
  17  1:03  SCV  
  18  1:16  SCV  
  19  1:32  Reaper, Orbital Command  
  20  1:46  Command Center  
  20  1:57  Factory  
  20  2:01  SCV  
  21  2:06  Barracks Reactor  
  21  2:14  SCV  
  21  2:15  Supply Depot  
  22  2:26  SCV  
  23  2:38  SCV  
  23  2:42  Starport  
  24  2:50  SCV, Hellion x2  
  24  2:51  Refinery  
  26  2:58  Orbital Command  
  29  3:02  SCV  
  30  3:10  Barracks Tech Lab  
  30  3:14  SCV  
  30  3:15  Hellion x2  
  35  3:26  SCV  
  36  3:27  Supply Depot  
  36  3:28  SCV  
  37  3:34  Banshee  
  37  3:38  SCV  
  37  3:39  Hellion  
  37  3:40  Hellion  
  45  3:42  SCV  
  46  3:50  Supply Depot, SCV  
  46  3:54  SCV  
  51  4:02  Hellion  
  51  4:03  SCV, Hellion  
  51  4:06  SCV  
  53  4:12  Supply Depot  
  53  4:15  SCV  
  54  4:17  Banshee  
  54  4:18  SCV  
  54  4:19  Barracks Tech Lab  
  58  4:27  SCV  
  58  4:30  SCV  
  60  4:36  Supply Depot  
  60  4:38  Command Center  
  60  4:39  SCV  
  60  4:42  SCV  
  62  4:47  Stimpack  
  62  4:51  SCV  
  63  4:53  Barracks  
  63  4:54  Barracks, SCV  
  63  4:55  Factory Tech Lab, Refinery  
  64  5:01  Refinery  
  64  5:02  Marine  
  64  5:03  SCV  
  64  5:06  SCV  
  67  5:15  SCV  
  67  5:18  SCV  
  67  5:20  Siege Tank  
  72  5:21  Starport Reactor  
  72  5:23  Engineering Bay  
  72  5:24  Engineering Bay  
  72  5:26  Supply Depot  
  72  5:27  SCV  
  73  5:30  SCV  
  73  5:31  Marine  
  75  5:39  SCV  
  75  5:42  Barracks, Barracks Reactor  
  76  5:43  Barracks, SCV, Marine  
  76  5:48  Marine  
  79  5:51  SCV, Orbital Command  
  79  5:53  Terran Infantry Weapons Level 1, Terran Infantry Armor Level 1  
  80  5:57  Marine  
  80  5:58  SCV  
  80  6:04  SCV  
  83  6:08  Orbital Command  
  83  6:10  Medivac x2, SCV  
  88  6:12  Marine x2  
  88  6:15  Marine  
  88  6:16  SCV  
  92  6:22  SCV  
  93  6:26  Marine x2  
  93  6:27  Siege Tank  
  93  6:28  SCV  
  93  6:30  Marine x2  
  93  6:32  Barracks Reactor  
  101  6:33  Combat Shield  
  101  6:40  SCV x2  
  101  6:42  Supply Depot  
  101  6:43  Supply Depot, SCV, Bunker  
  104  6:52  SCV x2  
  106  6:54  Marine x2  
  106  6:55  SCV  
  109  7:04  SCV x2, Siege Tank  
  109  7:07  Supply Depot  
  109  7:08  SCV, Supply Depot  
  115  7:13  Supply Depot  
  115  7:16  SCV x2  
  115  7:19  Supply Depot  
  115  7:20  Armory, SCV, Marine x2  
  115  7:21  Supply Depot, Marine x5  
  125  7:28  Marine  
  125  7:29  Medivac x2, SCV x2  
  132  7:32  Refinery  
  132  7:33  Refinery  
  132  7:35  Factory  
  132  7:36  Siege Tank  
  135  7:38  Marine x2  
  135  7:39  Concussive Shells  
  135  7:40  Marine  
  135  7:41  Marine  
  139  7:45  Marine x2  
  139  7:46  Marauder  
  139  7:50  SCV  
  144  7:58  Marauder, Marine x2  
  148  8:00  Marine x2  
  148  8:01  Medivac x2  
  148  8:03  Marine x2  
  156  8:07  Marauder  
  156  8:10  Terran Infantry Weapons Level 2, Siege Tank  
  161  8:15  Terran Infantry Armor Level 2, Marine  
  162  8:22  Factory Tech Lab, Marine  
  162  8:23  Supply Depot, Marine  
  164  8:30  Marine  
  165  8:45  Medivac, Marauder x2, Marine x2  
  173  8:48  Marine  
  173  8:49  Marine  
  173  8:50  Marine x2  
  173  8:52  Medivac  
  173  8:53  Supply Depot  
  173  8:54  Supply Depot, Siege Tank  
  168  9:02  Marine x2  
  156  9:03  Siege Tank  
  156  9:06  Command Center, Marauder x2, Marine  
  156  9:07  Marine  
  156  9:08  Marine x2  
  158  9:15  Medivac  
  152  9:20  Marine x2  
  150  9:24  Marine  
  150  9:28  Marauder x2  
  152  9:38  Marine x4  
  151  9:39  Marine  
  151  9:40  Siege Tank x2  
  151  9:42  Marine  
  162  9:49  Marauder x2  
  166  9:56  Marine x4  
  166  9:57  Marine  
  171  10:03  Marine  
  171  10:04  Medivac x2  
  171  10:05  Terran Vehicle Weapons Level 1  
  176  10:10  Supply Depot  
  176  10:11  Marauder x2  
  176  10:12  Supply Depot  
  176  10:13  Marine, Siege Tank x2  
  176  10:14  Marine x2  
  188  10:17  Marine x2  
  188  10:21  Marine  
  191  10:25  Barracks  
  191  10:27  Barracks  
  192  10:28  Barracks  
  192  10:32  Marauder x2, Factory  
  196  10:42  Supply Depot  
  196  10:46  Command Center, Marine x3  
  196  10:47  Engineering Bay  
  190  11:43  Marauder, Marine x5  
  190  11:44  Marauder  
  190  11:46  Barracks Tech Lab  
  199  11:47  Barracks Tech Lab  
  199  11:48  Barracks Tech Lab  
  199  11:50  Factory Tech Lab  
  199  11:54  Planetary Fortress  
  199  12:05  Marauder, Orbital Command  
  199  12:16  Command Center  
  198  12:37  Command Center  
Tags
 
Add a new tag
Caveats
  • Supply blocks, unpowered buildings, or Contaminate may cause inaccurate times.
  • Supply counts are checked every 10 seconds.